 Dungeon Crawl Stone Soup version 0.17-a0-995-gb5fa8d7 (webtiles) character file.

2478 Fluffy the Demonic Disaster (level 9, -2/71 HPs)
             Began as a Demonspawn Gladiator on May 12, 2015.
             Was a Believer of Qazlal.
             Killed by nerve-wracking pain
             ... invoked by Menkaure
              (13 damage)
             ... on level 7 of the Dungeon.
             The game lasted 00:24:37 (6935 turns).

Fluffy the Demonic Disaster (Demonspawn Gladiator)  Turns: 6935, Time: 00:24:37

Health: -2/71      AC: 20    Str: 18    XL:     9   Next: 27%
Magic:  14/14      EV:  8    Int: 17    God:    Qazlal [**....]
Gold:   333        SH:  3    Dex: 13    Spells: 0 memorised, 8 levels left

rFire  . . .     SeeInvis .     i - +1 falchion (flame)
rCold  . . .     Clarity  .     k - +1 chain mail "Girphatomm" {rElec Int+7}
rNeg   . . .     SustAb   .     (no shield)
rPois  .         Gourm    .     h - +2 helmet
rElec  +         Spirit   .     y - +0 cloak
rCorr  .         Warding  .     w - +0 pair of gloves (curse)
rMut   .         Stasis   .     (no boots)
MR     .....                    (no amulet)
Stlth  ..........               (no ring)
                                e - ring of flight

@: not resistant to hostile enchantments, extremely unstealthy
A: rough black scales 1, demonic guardian 1, powered by death 1
a: Upheaval, Renounce Religion, Evoke Flight


You were on level 7 of the Dungeon.
You worshipped Qazlal.
Qazlal was pleased with you.
You were not hungry.

You visited 1 branch of the dungeon, and saw 7 of its levels.

You collected 333 gold pieces.

Inventory:

Hand weapons
 a - a +1 long sword
 i - a +1 falchion of flaming (weapon)
Missiles
 d - 6 throwing nets (quivered)
Armour
 h - a +2 helmet (worn)
 k - the +1 chain mail "Girphatomm" (worn) {rElec Int+7}
   (You found it on level 4 of the Dungeon)

   It affects your intelligence (+7).
   It insulates you from electricity.
 w - a cursed +0 pair of gloves (worn)
 y - a +0 cloak (worn)
Jewellery
 e - a ring of flight (left hand)
 F - an uncursed ring of ice
Magical devices
 g - a wand of confusion (9)
 n - a wand of frost (21)
 u - a wand of lightning (5)
 z - a wand of magic darts (11)
 C - a wand of confusion (13)
Scrolls
 f - 3 scrolls of enchant armour
 o - 2 scrolls of remove curse
Potions
 j - a potion of heal wounds
 l - 2 potions of curing
 r - 3 potions of brilliance
 v - 2 potions of might
 x - a potion of agility
 A - a potion of berserk rage
 D - a potion of resistance
Books
 b - a book of Ice

   Spells                             Type                      Level
   a - Ice Form                       Ice/Transmutation            4
   b - Metabolic Englaciation         Hexes/Ice                    5
   c - Ozocubu's Refrigeration        Ice                          6
   d - Bolt of Cold                   Conjuration/Ice              6
   e - Freezing Cloud                 Conjuration/Ice/Air          6
   f - Simulacrum                     Ice/Necromancy               6
Comestibles
 c - a royal jelly
 m - 8 beef jerkies
 p - 4 fruits
 q - 7 bread rations
 s - 2 slices of pizza
 t - 4 meat rations
 E - a chunk of flesh


   Skills:
 + Level 6.4 Fighting
 + Level 6.4 Long Blades
 - Level 1.7 Throwing
 + Level 5.8 Armour
 - Level 2.6 Dodging
 + Level 7.7 Invocations


You had 8 spell levels left.
You didn't know any spells.

Dungeon Overview and Level Annotations

Branches:
Dungeon (7/15)             Temple (0/1) D:6

Altars:
Cheibriados
Gozag
Kikubaaqudgha
Nemelex Xobeh
Okawaru
Qazlal
Ru
Trog
Vehumet

Shops:
D:7 !

Annotations:
D:7 Menkaure


Innate Abilities, Weirdness & Mutations

You are partially covered in rough black scales (AC +4, Dex -1).
A weak demonic guardian rushes to your aid.
You can steal the life force of nearby defeated enemies.


Message History

* * * LOW HITPOINT WARNING * * *
You open the door.
Your crimson imp hits Menkaure but does no damage.
Menkaure calls on the powers of darkness!
Your body is wracked with pain!
* * * LOW HITPOINT WARNING * * *
Your crimson imp hits Menkaure but does no damage.
Menkaure hits your crimson imp.
There is an open door here.
Your crimson imp hits Menkaure.
Menkaure barely misses your crimson imp.
Menkaure grins.
Menkaure hits your crimson imp.
Your crimson imp hits Menkaure but does no damage. x2
Menkaure hits your crimson imp!!
Your crimson imp dies!
Your crimson imp hits Menkaure.
Menkaure casts a spell at you. Pain shoots through your body!
You die...

#....#...........(#
#....+...(........#
#....#.....#####'##
#....#.....#......#
#....#.....'......#
#....#.....#......#
#....#.....#......#
#...###'####......#
#...#..@......#####
#...#.........#
#...#.........#
#.§.§§........#
#.5.#>........#
#..M#.........#
#...##†########
#....#......#
#....#......#


You could see Menkaure and a friendly crimson imp.

Vanquished Creatures
  Pikel (D:7)
  A wyvern (D:7)
  A sky beast (D:7)
  An orc warrior (D:7)
  An ogre (D:7)
  2 phantoms
  A centaur (D:6)
  A giant frog (D:6)
  A wyvern skeleton (D:6)
  A scorpion (D:5)
  A gnoll sergeant (D:7)
  4 killer bees (D:7)
  3 crimson imps
  A giant frog zombie (D:6)
  A centaur zombie (D:6)
  3 orc wizards
  A hound (D:6)
  Ijyb (D:2)
  2 iron imps
  4 worker ants
  4 iguanas
  Robin (D:2)
  12 adders
  7 gnolls (D:7)
  2 worms
  2 giant geckos
  13 orcs
  8 giant cockroaches
  12 hobgoblins
  6 jackals
  5 quokkas
  2 ball pythons (D:2)
  11 bats
  A giant gecko skeleton (D:4)
  5 giant newts
  15 goblins
  12 kobolds
  A quokka skeleton (D:5)
  5 rats
156 creatures vanquished.

Vanquished Creatures (collateral kills)
  A sky beast (D:5)
  A centaur (D:6)
  A giant frog (D:6)
  A giant frog skeleton (D:5)
  Terence (D:2)
  2 iguanas (D:5)
  A worker ant (D:7)
  2 gnolls (D:7)
  A shadow imp (D:6)
  An adder (D:5)
  An orc (D:7)
13 creatures vanquished.

Vanquished Creatures (others)
  6 crimson imps
  5 quasits
  A worker ant (D:7)
  3 iron imps
  6 white imps
  9 ufetubi
  A rat (D:2)
31 creatures vanquished.

Grand Total: 200 creatures vanquished

Notes
Turn   | Place    | Note
--------------------------------------------------------------
     0 | D:1      | Fluffy the Demonspawn Gladiator began the quest for the Orb.
     0 | D:1      | Reached XP level 1. HP: 16/16 MP: 1/1
   545 | D:1      | Gained mutation: A weak demonic guardian rushes to your aid. [demonic ancestry]
   545 | D:1      | Reached XP level 2. HP: 22/22 MP: 2/2
   722 | D:1      | Reached skill level 3 in Long Blades
  1070 | D:2      | Reached skill level 1 in Armour
  1345 | D:2      | Noticed Ijyb
  1361 | D:2      | Killed Ijyb
  1361 | D:2      | Reached XP level 3. HP: 7/28 MP: 3/3
  1696 | D:2      | Noticed Terence
  1704 | D:2      | Killed Terence
  1704 | D:2      | Gained mutation: You are partially covered in rough black scales (AC +4, Dex -1). [demonic ancestry]
  1704 | D:2      | Reached XP level 4. HP: 26/34 MP: 4/4
  1810 | D:2      | Found a sparkling altar of Nemelex Xobeh.
  1832 | D:2      | Noticed Robin
  1840 | D:2      | Killed Robin
  2613 | D:2      | Reached XP level 5. HP: 38/41 MP: 5/5
  2655 | D:3      | Found a snail-covered altar of Cheibriados.
  2756 | D:3      | Found a stormy altar of Qazlal.
  2757 | D:3      | Found a bloodstained altar of Trog.
  2764 | D:3      | Became a worshipper of Qazlal Stormbringer
  2900 | D:3      | Reached skill level 1 in Invocations
  2953 | D:3      | Found a sacrificial altar of Ru.
  2953 | D:3      | Found an opulent altar of Gozag.
  3034 | D:3      | Found an ancient bone altar of Kikubaaqudgha.
  3113 | D:3      | Reached skill level 4 in Long Blades
  3563 | D:4      | Noticed a phantom
  3587 | D:4      | Killed a phantom
  3587 | D:4      | Reached XP level 6. HP: 34/48 MP: 7/7
  3618 | D:4      | Got an encrusted chain mail
  3629 | D:4      | Identified the +1 chain mail "Girphatomm" {rElec Int+7} (You found it on level 4 of the Dungeon)
  3937 | D:4      | Acquired Qazlal's first power
  4020 | D:4      | Found a sacrificial altar of Ru.
  4181 | D:5      | Entered Level 5 of the Dungeon
  4343 | D:5      | Found an iron altar of Okawaru.
  4417 | D:5      | Gained mutation: You can steal the life force of nearby defeated enemies. [demonic ancestry]
  4417 | D:5      | Reached XP level 7. HP: 50/54 MP: 9/9
  5380 | D:6      | Found a staircase to the Ecumenical Temple.
  5404 | D:6      | Found a radiant altar of Vehumet.
  5453 | D:6      | Reached skill level 5 in Long Blades
  5502 | D:6      | Acquired Qazlal's second power
  5502 | D:6      | Reached skill level 5 in Invocations
  5642 | D:6      | Reached XP level 8. HP: 61/61 MP: 11/11
  5665 | D:6      | Reached skill level 5 in Fighting
  5960 | D:7      | Reached skill level 6 in Invocations
  6372 | D:7      | Noticed Pikel
  6378 | D:7      | Reached skill level 5 in Armour
  6392 | D:7      | Killed Pikel
  6392 | D:7      | Reached skill level 7 in Invocations
  6392 | D:7      | Reached XP level 9. HP: 7/69 MP: 12/14
  6754 | D:7      | Found Acvapo's Distillery.
  6925 | D:7      | Noticed Menkaure
  6935 | D:7      | Killed from afar by Menkaure

Vault maps used:
D:1:      dpeg_arrival_renting, serial_glass, glass_columns_c, glass_columns_b,
          minmay_misc_feat_five
D:2:      nemelex_altar_shiori, uniq_terence, uniq_robin, uniq_iyjb
D:3:      old_standard_altar, nicolae_overflow_crystal_walls,
          grunt_temple_overflow_open, gammafunk_temple_overflow_wave
D:4:      corexii_shack_village, hangedman_ru_absence
D:5:      first_bread, minivault_11, okawaru_trees_1
D:6:      kennysheep_little_box, minmay_temple_entry_trees
D:7:      serial_shops, nicolae_shop_waterfront, grunt_ogre_cave, uniq_pikel,
          uniq_menkaure, uniq_crazy_yiuf_cottage

Action                   |  1- 3 |  4- 6 |  7- 9 || total
-------------------------+-------+-------+-------++-------
Melee: Long sword        |   105 |   353 |   253 ||   711
       Falchion          |       |       |    94 ||    94
Evoke: Wand              |       |       |    14 ||    14
  Use: Scroll            |       |     5 |    10 ||    15
 Stab: Distracted        |       |       |     1 ||     1
  Eat: Chunk             |     3 |     5 |     8 ||    16
       Bread ration      |       |     1 |       ||     1
